TOP OF THE 1ST |
Amarillo ThunderHeads batting - Pitching for Joplin Blasters : LHP Sean Walters
|
Pitching: LHP Sean Walters
|
|
Batting: LHB Carlos Guajardo
|
0-0: Foul Ball, location: 2F 0-1: Foul Ball, location: 2F 0-2: Foul Ball, location: 2F 0-2: Ball 1-2: Ball 2-2: Strikes out swinging
|
Batting: LHB Tony Cisneros
|
0-0: Called Strike 0-1: Fly out, F7 (Line Drive, 7, EV 85.6 MPH)
|
Batting: RHB Eric Camillo
|
0-0: Ball 1-0: Foul Ball, location: 2F 1-1: Ball 2-1: Foul Ball, location: 2F 2-2: Ball 3-2: Foul Ball, location: 2F 3-2: Foul Ball, location: 2F 3-2: SOLO HOME RUN (Flyball, 78XD, EV 100.0 MPH), Distance : 400 ft
|
Batting: LHB Thie Hofmann
|
0-0: Ball 1-0: Called Strike 1-1: Ball 2-1: Ball 3-1: SINGLE (Groundball, 3D, EV 97.5 MPH)
|
Batting: RHB Shi-fu Cuan
|
0-0: Ball 1-0: Ball 2-0: Foul Ball, location: 2F 2-1: Ball 3-1: Ground out 4-3 (Groundball, 4, EV 105.0 MPH)
|
Top of the 1st over - 1 run, 2 hits, 0 errors, 1 left on base; Amarillo 1 - Joplin 0 |
BOTTOM OF THE 1ST |
Joplin Blasters batting - Pitching for Amarillo ThunderHeads : RHP Shane Ford
|
Pitching: RHP Shane Ford
|
|
Batting: RHB Angel Melendez
|
0-0: Called Strike 0-1: Ball 1-1: Swinging Strike 1-2: Strikes out swinging
|
Batting: RHB Mike Stokes
|
0-0: Ball 1-0: Called Strike 1-1: Called Strike 1-2: Foul Ball, location: 2F 1-2: Ball 2-2: Ball 3-2: SINGLE (Flyball, 3D, EV 94.4 MPH)
|
Batting: RHB Dustin Peterson
|
0-0: Ball 1-0: Foul Ball, location: 2F 1-1: Called Strike 1-2: Foul Ball, location: 2F 1-2: Ball 2-2: Foul Ball, location: 2F 2-2: SINGLE (Groundball, P, EV 82.5 MPH) (infield hit) Mike Stokes to second
|
Batting: RHB Steve Huebner
|
0-0: Swinging Strike 0-1: Swinging Strike 0-2: Fly out, F9 (Flyball, 9, EV 85.0 MPH)
|
Batting: RHB Donnie Bednarz
|
0-0: Ground out 5-3 (Groundball, 56S, EV 87.5 MPH)
|
Bottom of the 1st over - 0 runs, 2 hits, 0 errors, 2 left on base; Amarillo 1 - Joplin 0 |
TOP OF THE 2ND |
Amarillo ThunderHeads batting - Pitching for Joplin Blasters : LHP Sean Walters
|
Batting: RHB Jorge Balderama
|
0-0: Called Strike 0-1: SOLO HOME RUN (Flyball, 9D, EV 96.9 MPH), Distance : 384 ft
|
Batting: SHB Jose Ramirez
|
0-0: Ball 1-0: Ball 2-0: Ball 3-0: Base on Balls
|
Batting: RHB Jerry Olson
|
0-0: Called Strike 0-1: TRIPLE (Flyball, 9D, EV 91.2 MPH) Jose Ramirez scores
|
Batting: RHB Dennis Underwood
|
0-0: Ball 1-0: Ground out 6-3 (Groundball, 6, EV 103.8 MPH) Jerry Olson scores
|
Batting: LHB Carlos Guajardo
|
0-0: Ball 1-0: Called Strike 1-1: Ball 2-1: Called Strike 2-2: Ball 3-2: Base on Balls
|
Batting: LHB Tony Cisneros
|
0-0: Ball 1-0: Ball 2-0: Foul Ball, location: 2F 2-1: Foul Ball, location: 2F 2-2: Foul Ball, location: 2F 2-2: Ball 3-2: SINGLE (Groundball, 6MS, EV 70.0 MPH) (infield hit) Carlos Guajardo to second
|
Batting: RHB Eric Camillo
|
0-0: Ball 1-0: Foul Ball, location: 2F 1-1: Foul Ball, location: 2F 1-2: Ball 2-2: Ball 3-2: Strikes out swinging
|
Batting: LHB Thie Hofmann
|
0-0: Fielders Choice at 2nd, 6-4 (Groundball, 6MD, EV 85.6 MPH)
|
Top of the 2nd over - 3 runs, 3 hits, 0 errors, 2 left on base; Amarillo 4 - Joplin 0 |
BOTTOM OF THE 2ND |
Joplin Blasters batting - Pitching for Amarillo ThunderHeads : RHP Shane Ford
|
Batting: RHB Jin-hoi Hur
|
0-0: Ball 1-0: Ground out 3-1 (Groundball, 34, EV 83.1 MPH)
|
Batting: LHB Josh Lane
|
0-0: Foul Ball, location: 2F 0-1: Ball 1-1: Ball 2-1: Ground out 4-3 (Groundball, 4, EV 92.5 MPH)
|
Batting: RHB Sean Walters
|
0-0: Called Strike 0-1: Foul Ball, location: 2F 0-2: Foul Ball, location: 2F 0-2: Strikes out swinging
|
Bottom of the 2nd over - 0 runs, 0 hits, 0 errors, 0 left on base; Amarillo 4 - Joplin 0 |
TOP OF THE 3RD |
Amarillo ThunderHeads batting - Pitching for Joplin Blasters : LHP Sean Walters
|
Batting: RHB Shi-fu Cuan
|
0-0: Foul Ball, location: 2F 0-1: Fly out, F7 (Flyball, 78S, EV 89.4 MPH)
|
Batting: RHB Jorge Balderama
|
0-0: Foul Ball, location: 2F 0-1: Foul Ball, location: 2F 0-2: Strikes out looking
|
Pitching: RHP Robert Carlos
|
|
Batting: SHB Jose Ramirez
|
0-0: Foul Ball, location: 2F 0-1: Swinging Strike 0-2: Strikes out looking
|
Top of the 3rd over - 0 runs, 0 hits, 0 errors, 0 left on base; Amarillo 4 - Joplin 0 |
BOTTOM OF THE 3RD |
Joplin Blasters batting - Pitching for Amarillo ThunderHeads : RHP Shane Ford
|
Batting: RHB Jaden Brown
|
0-0: Ball 1-0: Ground out 4-3 (Groundball, 4, EV 82.5 MPH)
|
Now at 2B: Tony Cisneros
|
|
Now at 3B: Eddie Vanderjagt
|
|
Now at SS: Shi-fu Cuan
|
|
Batting: RHB Angel Melendez
|
0-0: Called Strike 0-1: Called Strike 0-2: Foul Ball, location: 2F 0-2: Ball 1-2: Ball 2-2: Ground out 5-3 (Groundball, 56S, EV 80.6 MPH)
|
Batting: RHB Mike Stokes
|
0-0: Ground out 3-1 (Groundball, 34S, EV 76.9 MPH)
|
Bottom of the 3rd over - 0 runs, 0 hits, 0 errors, 0 left on base; Amarillo 4 - Joplin 0 |
TOP OF THE 4TH |
Amarillo ThunderHeads batting - Pitching for Joplin Blasters : RHP Robert Carlos
|
Batting: RHB Jerry Olson
|
0-0: Ball 1-0: Ball 2-0: Called Strike 2-1: Ball 3-1: Ground out 4-3 (Groundball, 4, EV 86.9 MPH)
|
Batting: RHB Dennis Underwood
|
0-0: Swinging Strike 0-1: Ball 1-1: Swinging Strike 1-2: SINGLE (Groundball, 56D, EV 106.2 MPH)
|
Batting: RHB Eddie Vanderjagt
|
0-0: Ball 1-0: Swinging Strike 1-1: Called Strike 1-2: Strikes out looking
|
Batting: LHB Tony Cisneros
|
0-0: Ball 1-0: Called Strike 1-1: Swinging Strike 1-2: Strikes out swinging
|
Top of the 4th over - 0 runs, 1 hit, 0 errors, 1 left on base; Amarillo 4 - Joplin 0 |
BOTTOM OF THE 4TH |
Joplin Blasters batting - Pitching for Amarillo ThunderHeads : RHP Shane Ford
|
Batting: RHB Dustin Peterson
|
0-0: Ball 1-0: Called Strike 1-1: Fly out, F6 (Popup, 6M, EV 53.1 MPH)
|
Batting: RHB Steve Huebner
|
0-0: Ball 1-0: Foul Ball, location: 2F 1-1: Swinging Strike 1-2: Ball 2-2: Strikes out swinging
|
Batting: RHB Donnie Bednarz
|
0-0: Ball 1-0: Foul Ball, location: 2F 1-1: Ball 2-1: Called Strike 2-2: Foul Ball, location: 2F 2-2: Ball 3-2: Base on Balls
|
Batting: RHB Jin-hoi Hur
|
0-0: Swinging Strike 0-1: Foul Ball, location: 2F 0-2: Foul Ball, location: 2F 0-2: Ball 1-2: Foul Ball, location: 2F 1-2: Strikes out swinging
|
Bottom of the 4th over - 0 runs, 0 hits, 0 errors, 1 left on base; Amarillo 4 - Joplin 0 |
TOP OF THE 5TH |
Amarillo ThunderHeads batting - Pitching for Joplin Blasters : RHP Robert Carlos
|
Batting: RHB Eric Camillo
|
0-0: Ball 1-0: Ball 2-0: Called Strike 2-1: Foul Ball, location: 2F 2-2: Ball 3-2: SOLO HOME RUN (Flyball, 7D, EV 98.1 MPH), Distance : 385 ft
|
Batting: LHB Thie Hofmann
|
0-0: Fly out, F8 (Flyball, 8RD, EV 94.4 MPH)
|
Batting: RHB Shi-fu Cuan
|
0-0: DOUBLE (Flyball, 78D, EV 93.1 MPH)
|
Batting: RHB Jorge Balderama
|
0-0: Ball 1-0: Foul Ball, location: 2F 1-1: Ball 2-1: Foul Ball, location: 2F 2-2: Fly out, F7 (Flyball, 7LD, EV 101.9 MPH)
|
Batting: SHB Jose Ramirez
|
0-0: Ball 1-0: Called Strike 1-1: Ball 2-1: Ball 3-1: Called Strike 3-2: Base on Balls
|
Batting: RHB Jerry Olson
|
0-0: Foul Ball, location: 2F 0-1: Foul Ball, location: 2F 0-2: Ball 1-2: Ball 2-2: DOUBLE (Line Drive, 9LM, EV 110.6 MPH) Shi-fu Cuan scores Jose Ramirez to third Runner from 3rd tries for Home, SAFE, throw by RF to trailing runner, SAFE at third!
|
Batting: RHB Dennis Underwood
|
0-0: Ball 1-0: Foul Ball, location: 2F 1-1: Foul Ball, location: 2F 1-2: SINGLE (Flyball, 7LS, EV 92.5 MPH) Jerry Olson scores
|
Batting: RHB Eddie Vanderjagt
|
0-0: Ball 1-0: Foul Ball, location: 2F 1-1: Swinging Strike 1-2: Fly out, F8 (Line Drive, 8RD, EV 90.6 MPH)
|
Top of the 5th over - 4 runs, 4 hits, 0 errors, 1 left on base; Amarillo 8 - Joplin 0 |
BOTTOM OF THE 5TH |
Joplin Blasters batting - Pitching for Amarillo ThunderHeads : RHP Shane Ford
|
Batting: LHB Josh Lane
|
0-0: Ball 1-0: Foul Ball, location: 2F 1-1: Ball 2-1: Foul Ball, location: 2F 2-2: Strikes out swinging
|
Batting: RHB Sean Walters
|
0-0: Ground out 5-3 (Groundball, 56S, EV 83.1 MPH)
|
Batting: RHB Jaden Brown
|
0-0: Called Strike 0-1: Ball 1-1: Ball 2-1: Called Strike 2-2: Ground out 4-3 (Groundball, 4, EV 104.4 MPH)
|
Bottom of the 5th over - 0 runs, 0 hits, 0 errors, 0 left on base; Amarillo 8 - Joplin 0 |
TOP OF THE 6TH |
Amarillo ThunderHeads batting - Pitching for Joplin Blasters : RHP Robert Carlos
|
Batting: LHB Tony Cisneros
|
0-0: Ball 1-0: Ball 2-0: Foul Ball, location: 2F 2-1: Ball 3-1: Base on Balls
|
Batting: RHB Eric Camillo
|
0-0: Ball 1-0: Ball 2-0: Ball 3-0: Base on Balls Tony Cisneros to second
|
Pitching: RHP Nate Brewer
|
|
Batting: LHB Thie Hofmann
|
0-0: Called Strike 0-1: Called Strike 0-2: Foul Ball, location: 2F 0-2: Ball 1-2: Reached on error, E4 (Groundball, 34, EV 80.6 MPH) Tony Cisneros to third Eric Camillo to second
|
Batting: RHB Shi-fu Cuan
|
0-0: Fly out, F3 (Line Drive, 3L, EV 69.4 MPH) Lined into DP, U3 (Line Drive, 3L, EV 73.1 MPH)
|
Batting: RHB Jorge Balderama
|
0-0: Ball 1-0: Foul Ball, location: 2F 1-1: Ground out 4-3 (Groundball, 4, EV 85.6 MPH)
|
Top of the 6th over - 0 runs, 0 hits, 1 error, 2 left on base; Amarillo 8 - Joplin 0 |
BOTTOM OF THE 6TH |
Joplin Blasters batting - Pitching for Amarillo ThunderHeads : RHP Shane Ford
|
Batting: RHB Angel Melendez
|
0-0: Called Strike 0-1: Ball 1-1: Ground out U3 (Groundball, 3, EV 101.9 MPH)
|
Batting: RHB Mike Stokes
|
0-0: Ball 1-0: Swinging Strike 1-1: Swinging Strike 1-2: Ball 2-2: Strikes out swinging
|
Pitching: LHP Zach Harris
|
|
Batting: RHB Dustin Peterson
|
0-0: Fly out, F7 (Flyball, 7D, EV 75.0 MPH)
|
Bottom of the 6th over - 0 runs, 0 hits, 0 errors, 0 left on base; Amarillo 8 - Joplin 0 |
TOP OF THE 7TH |
Amarillo ThunderHeads batting - Pitching for Joplin Blasters : RHP Nate Brewer
|
Batting: SHB Jose Ramirez
|
0-0: Ball 1-0: Foul Ball, location: 2F 1-1: Foul Ball, location: 2F 1-2: DOUBLE (Line Drive, 7LS, EV 95.0 MPH)
|
Batting: RHB Jerry Olson
|
0-0: Ball 1-0: Hit by Pitch
|
Batting: RHB Dennis Underwood
|
0-0: Called Strike 0-1: Fly out, F8 (Flyball, 78M, EV 86.2 MPH)
|
Batting: RHB Eddie Vanderjagt
|
0-0: Called Strike 0-1: Ball 1-1: Ground out 6-3 (Groundball, 6M, EV 103.1 MPH) Jose Ramirez to third Jerry Olson to second
|
Batting: LHB Tony Cisneros
|
0-0: Ground out 4-3 (Groundball, 34, EV 81.9 MPH)
|
Top of the 7th over - 0 runs, 1 hit, 0 errors, 2 left on base; Amarillo 8 - Joplin 0 |
BOTTOM OF THE 7TH |
Joplin Blasters batting - Pitching for Amarillo ThunderHeads : LHP Zach Harris
|
Batting: RHB Steve Huebner
|
0-0: Called Strike 0-1: Foul Ball, location: 2F 0-2: Foul Ball, location: 2F 0-2: Foul Ball, location: 2F 0-2: Foul Ball, location: 2F 0-2: Ground out 4-3 (Groundball, 4, EV 101.9 MPH)
|
Batting: RHB Donnie Bednarz
|
0-0: Ball 1-0: Called Strike 1-1: SOLO HOME RUN (Flyball, 78XD, EV 100.6 MPH), Distance : 401 ft
|
Batting: RHB Jin-hoi Hur
|
0-0: Swinging Strike 0-1: Foul Ball, location: 2F 0-2: Strikes out swinging
|
Pinch Hitting: RHB Cody Marshall
|
0-0: Foul Ball, location: 2F 0-1: Ball 1-1: Ball 2-1: SOLO HOME RUN (Flyball, 7D, EV 96.2 MPH), Distance : 369 ft
|
Batting: RHB Sean Walters
|
0-0: Ball 1-0: Called Strike 1-1: Called Strike 1-2: Foul Ball, location: 2F 1-2: Ball 2-2: Foul Ball, location: 2F 2-2: Ball 3-2: Strikes out swinging
|
Bottom of the 7th over - 2 runs, 2 hits, 0 errors, 0 left on base; Amarillo 8 - Joplin 2 |
TOP OF THE 8TH |
Amarillo ThunderHeads batting - Pitching for Joplin Blasters : RHP Nate Brewer
|
Now at 3B: Cody Marshall
|
|
Batting: RHB Eric Camillo
|
0-0: Foul Ball, location: 2F 0-1: Foul Ball, location: 2F 0-2: Ball 1-2: Ball 2-2: Ball 3-2: Foul Ball, location: 2F 3-2: Foul Ball, location: 2F 3-2: SOLO HOME RUN (Flyball, 7D, EV 96.9 MPH), Distance : 379 ft
|
Batting: LHB Thie Hofmann
|
0-0: Ball 1-0: Ball 2-0: Called Strike 2-1: Ball 3-1: Base on Balls
|
Batting: RHB Shi-fu Cuan
|
0-0: Ball 1-0: SINGLE (Flyball, 8RM, EV 86.2 MPH) Thie Hofmann to second
|
Batting: RHB Jorge Balderama
|
0-0: Ball 1-0: Called Strike 1-1: Grounds into double play, 4-6-3 (Groundball, 4, EV 90.0 MPH) Thie Hofmann to third
|
Batting: SHB Jose Ramirez
|
0-0: Called Strike 0-1: Foul Ball, location: 2F 0-2: Ball 1-2: SINGLE (Line Drive, 56, EV 98.8 MPH) Thie Hofmann scores
|
Batting: RHB Jerry Olson
|
0-0: Ball 1-0: Swinging Strike Balk! Jose Ramirez to second 1-1: DOUBLE (Flyball, 8RXD, EV 98.8 MPH) Jose Ramirez scores
|
Batting: RHB Dennis Underwood
|
0-0: Ball 1-0: Swinging Strike 1-1: Ball 2-1: Ball 3-1: Base on Balls
|
Batting: RHB Eddie Vanderjagt
|
0-0: Called Strike 0-1: Ball Wild Pitch! Jerry Olson to third Dennis Underwood to second 1-1: Foul Ball, location: 2F 1-2: Fly out, F8 (Flyball, 89S, EV 83.1 MPH)
|
Top of the 8th over - 3 runs, 4 hits, 0 errors, 2 left on base; Amarillo 11 - Joplin 2 |
BOTTOM OF THE 8TH |
Joplin Blasters batting - Pitching for Amarillo ThunderHeads : LHP Zach Harris
|
Batting: RHB Jaden Brown
|
0-0: Ball 1-0: Ball 2-0: Called Strike 2-1: Ball 3-1: Base on Balls
|
Batting: RHB Angel Melendez
|
0-0: Ball 1-0: Ball 2-0: Ball 3-0: Foul Ball, location: 2F 3-1: Swinging Strike 3-2: TRIPLE (Flyball, 8LXD, EV 104.4 MPH) Jaden Brown scores
|
Pitching: RHP Trent Murdock
|
|
Batting: RHB Mike Stokes
|
0-0: Ball 1-0: Foul Ball, location: 2F 1-1: SINGLE (Line Drive, 89S, EV 86.9 MPH) Angel Melendez scores
|
Batting: RHB Dustin Peterson
|
0-0: Ball 1-0: SINGLE (Line Drive, 9S, EV 103.8 MPH) Mike Stokes to second
|
Pinch Hitting: RHB Carlos Castillo
|
0-0: Foul Ball, location: 2F 0-1: Foul Ball, location: 2F 0-2: Ball 1-2: Strikes out swinging
|
Batting: RHB Donnie Bednarz
|
0-0: Ball 1-0: Fly out, F7 (Flyball, 7D, EV 101.9 MPH)
|
Pinch Hitting: RHB Mike McClung
|
0-0: Called Strike 0-1: Fielders Choice at 2nd, 5-4 (Groundball, 5, EV 100.6 MPH)
|
Bottom of the 8th over - 2 runs, 3 hits, 0 errors, 2 left on base; Amarillo 11 - Joplin 4 |
TOP OF THE 9TH |
Amarillo ThunderHeads batting - Pitching for Joplin Blasters : RHP Nate Brewer
|
Now at 1B: Carlos Castillo
|
|
Now in CF: Alex Valadez
|
|
Batting: LHB Tony Cisneros
|
0-0: Ball 1-0: Foul Ball, location: 2F 1-1: Foul Ball, location: 2F 1-2: Foul Ball, location: 2F 1-2: Foul Ball, location: 2F 1-2: Ground out 4-3 (Groundball, 34D, EV 105.0 MPH)
|
Pitching: RHP Kevin Lea
|
|
Batting: RHB Eric Camillo
|
0-0: Ball 1-0: Ball 2-0: Foul Ball, location: 2F 2-1: Fly out, F5 (Line Drive, 5, EV 65.0 MPH)
|
Batting: LHB Thie Hofmann
|
0-0: Foul Ball, location: 2F 0-1: Foul Ball, location: 2F 0-2: Fly out, F8 (Flyball, 8RS, EV 90.0 MPH)
|
Top of the 9th over - 0 runs, 0 hits, 0 errors, 0 left on base; Amarillo 11 - Joplin 4 |
BOTTOM OF THE 9TH |
Joplin Blasters batting - Pitching for Amarillo ThunderHeads : RHP Trent Murdock
|
Batting: RHB Cody Marshall
|
0-0: Ball 1-0: Called Strike 1-1: Ball 2-1: Foul Ball, location: 2F 2-2: Ball 3-2: Strikes out swinging
|
Batting: RHB Colin Padgett
|
0-0: Called Strike 0-1: Foul Ball, location: 2F 0-2: Ball 1-2: Ball 2-2: Strikes out swinging
|
Pinch Hitting: RHB Abban Sartika
|
0-0: Ball 1-0: Swinging Strike 1-1: Foul Ball, location: 2F 1-2: Foul Ball, location: 2F 1-2: Foul Ball, location: 2F 1-2: Ball 2-2: Fly out, F9 (Flyball, 9, EV 83.8 MPH)
|
Bottom of the 9th over - 0 runs, 0 hits, 0 errors, 0 left on base; Amarillo 11 - Joplin 4 |
|